 Dungeon Sprint DCSS version 0.29-a0-303-ge4682ce883 (webtiles) character file.

Game seed: 17315760472606976889

6731 Conn the Arsonist (level 11, -9/67 HPs)
             Began as an Octopode Fire Elementalist on Mar 25, 2022.
             Was a High Priest of Sif Muna.
             Mangled by a demonic crawler (10 damage)
             ... in the Dungeon (Sprint VII: "The Pits").
             The game lasted 00:18:00 (2504 turns).

Conn the Arsonist (Octopode Fire Elementalist)      Turns: 2504, Time: 00:18:00

Health: -9/67      AC:  1    Str:  8    XL:     11   Next: 4%
Magic:  1/27       EV: 16    Int: 27    God:    Sif Muna [*****.]
Gold:   6          SH:  0    Dex: 15    Spells: 2/35 levels left

rFire   . . .      SeeInvis .   o - +2 rapier (drain)
rCold   . . .      Faith    .   (no shield)
rNeg    . . .      Spirit   .   (helmet restricted)
rPois   .          Reflect  .   (no amulet)
rElec   .          Harm     .   j - +3 ring of intelligence
rCorr   .          Rampage  .   l - +3 ring of dexterity
Will    .....      NoTele   +   (no ring)
Stlth   +++++.....              (no ring)
HPRegen 0.21/turn               (no ring)
MPRegen 0.20/turn               (no ring)
                                (no ring)
                                (no ring)

@: invisible
A: almost no armour, amphibious, 8 rings, camouflage 1, gelatinous body 1,
(nimble swimmer 1), tentacles, clever 1
a: Renounce Religion, Channel Magic, Forget Spell, Divine Exegesis


You were in the Dungeon.
You worshipped Sif Muna.
Sif Muna was extremely pleased with you.
You visited 1 branch You collected 6 gold pieces.

Inventory:

Hand Weapons
 g - a +2 dagger
 k - a +1 dagger of draining
 o - a +2 rapier of draining (weapon)
Jewellery
 j - a +3 ring of intelligence (left tentacle)
 l - a +3 ring of dexterity (right tentacle)
Wands
 f - a wand of charming (10)
Scrolls
 i - 5 scrolls of amnesia
Potions
 a - 5 potions of magic
 b - 7 potions of curing
 c - 7 potions of heal wounds
 d - 2 potions of haste
 e - 2 potions of berserk rage
 h - a potion of invisibility
 m - a potion of might
 n - 2 potions of mutation
 p - a potion of degeneration {unknown}


   Skills:
 + Level 3.1 Fighting
 + Level 4.9 Short Blades
 + Level 6.4 Dodging
 + Level 10.1 Stealth
 + Level 12.8 Spellcasting
 * Level 8.5 Conjurations
 + Level 3.8 Hexes
 + Level 6.5 Translocations
 + Level 13.8 Fire Magic
 * Level 3.2 Ice Magic
 * Level 3.1 Air Magic
 + Level 1.8 Earth Magic
 - Level 7.0 Invocations


You had 2 spell levels left.
You knew the following spells:

 Your Spells              Type           Power      Damage    Failure   Level
a - Foxfire               Conj/Fire      100%       2x1d9     1%          1
b - Conjure Flame         Conj/Fire      67%        6-21      1%          3
c - Inner Flame           Hex/Fire       60%        N/A       1%          3
d - Flame Wave            Conj/Fire      67%        2d12      1%          4
e - Scorch                Fire           100%       2d10      0%          2
f - Iskenderun's Mystic   Conj/Tloc      55%        2d12      1%          4
g - Stone Arrow           Conj/Erth      90%        3d12      1%          3
h - Iskenderun's Battles  Conj           58%        2d11      2%          5
i - Hailstorm             Conj/Ice       49%        3d11      3%          4
j - Airstrike             Air            17%        N/A       9%          4

Your spell library contained the following spells:

 Spells                   Type           Power      Damage    Failure   Level
 Magic Dart               Conj           100%       1d8       1%          1
 Searing Ray              Conj           100%       2d8       1%          2
 Gell's Gravitas          Tloc           51%        N/A       1%          3
 Passage of Golubria      Tloc           51%        N/A       2%          4
 Starburst                Conj/Fire      33%        6d10      4%          6
 Petrify                  Tmut/Erth      22%        N/A       22%         4
 Animate Dead             Necr           8%         N/A       32%         4
 Olgreb's Toxic Radiance  Pois           17%        N/A       32%         4
 Dispersal                Tloc           25%        N/A       34%         6
 Summon Mana Viper        Hex/Summ       27%        N/A       38%         5
 Enfeeble                 Hex            19%        N/A       99%         7
 Discord                  Hex            19%        N/A       100%        8


Dungeon Overview and Level Annotations

Branches:
Dungeon (1/1)

Altars:
Ashenzari
Cheibriados
Dithmenos
Elyvilon
Fedhas
Gozag
Hepliaklqana
Kikubaaqudgha
Makhleb
Nemelex Xobeh
Okawaru
Qazlal
Ru
Sif Muna
Trog
Uskayaw
Vehumet
Wu Jian
Xom
Yredelemnul
Zin
The Shining One
Beogh
Jiyva
Lugonu


Innate Abilities, Weirdness & Mutations

You cannot wear most types of armour.
You are amphibious.
You can wear up to eight rings at the same time.
Your skin changes colour to match your surroundings (Stealth+).
Your rubbery body absorbs attacks. (AC +1, EV +1)
((You are camouflaged when in or above water. (Stealth+)))
You have tentacles for arms and can constrict up to eight enemies at once.
Your mind is acute. (Int +2)


Message History

Your battlesphere fires!
The barrage of energy hits the demonic crawler but does no damage.
The demonic crawler is heavily wounded.
The dream sheep ruffles its wool and motes of dream dust sparkle, to no effect.
You close the door.
Something unseen breaks down the door.
The dream sheep ruffle their wool and motes of dream dust sparkle, to no effect.
A dream sheep comes into view.
Okay, then.
Unknown command.
The dream sheep moves out of view.
Casting: Iskenderun's Mystic Blast (dangerous; 1% risk of failure)
Confirm with . or Enter, or press ? or * to list all spells.
Okay, then.
You fade into invisibility!
The demonic crawler closely misses you. The demonic crawler misses you.
The demonic crawler hits you!
* * * LOW HITPOINT WARNING * * *
You feel much better. The demonic crawler closely misses you.
The demonic crawler hits you!
* * * LOW HITPOINT WARNING * * *
The demonic crawler closely misses you.
Okay, then.
Okay, then.
Unknown command.
Unknown command.
Casting: Iskenderun's Mystic Blast (dangerous; 1% risk of failure)
Confirm with . or Enter, or press ? or * to list all spells.
You erupt in a blast of force!
The mystic blast hits the orange demon.
The orange demon is heavily wounded.
The orange demon is knocked back by the mystic blast.
The orange demon slams into the metal wall!
The orange demon is heavily wounded.
The mystic blast hits the demonic crawler but does no damage.
The demonic crawler is heavily wounded.
The demonic crawler hits you!
* * * LOW HITPOINT WARNING * * *
The demonic crawler hits you!
* * * LOW HITPOINT WARNING * * *
The demonic crawler hits you!
You die...

'#####......#.)#......#
.)'.##........[)).....#
..#.#####'#####''######
###.##.......##''##### ##
..#.##.......##.)....#...
..'.##.......##....###..
######...<...##††.##.'.
.)).##.......##†.##..# +##
))).##.......##)@#..# ...##
######.......##.s#..#..O..#
.#..###########..4○.Y.†Y..'
.#.############..#.4#.....#
.#.#....#..[[##..#..# ...##
.#'#.÷..#..[[##..##..# '##
.#.'÷...'..))##...##.'. .+
)#†#....#...)##...§###.. #
.'†#....#..))##......#...


You could see a demonic crawler and an orange demon (wandering, can't see you).

Vanquished Creatures
  An ogre mage (D)
  4 two-headed ogres (D)
  A manticore (D)
  Maurice (D)
  A guardian mummy (D)
  A polar bear (D)
  6 dream sheep (D)
  A jumping spider (D)
  A wyvern (D)
  A ynoxinul (D)
  2 fire bats (D)
  A redback (D)
  A water moccasin (D)
  A sky beast (D)
  2 black bears (D)
  An ogre (D)
  A kobold brigand (D)
  A necrophage (D)
  2 scorpions (D)
  An iguana (D)
  A river rat (D)
  An adder (D)
  An adder zombie (D)
  A worm (D)
  3 bats (D)
  A bat skeleton (D)
  A hobgoblin (D)
  6 jackals (D)
  A kobold (D)
  2 quokka skeletons (D)
  A rat (D)
50 creatures vanquished.

Vanquished Creatures (others)
  149 foxfires (D)
149 creatures vanquished.

Grand Total: 199 creatures vanquished

Notes
Turn   | Place    | Note
-------+----------+-------------------------------------------
     0 | D        | Conn the Octopode Fire Elementalist began the quest for the
                  | Orb.
     0 | D        | Reached XP level 1. HP: 11/11 MP: 3/3
    65 | D        | Found a bloodstained altar of Trog.
    65 | D        | Found a shimmering blue altar of Sif Muna.
    65 | D        | Found a viscous altar of Jiyva.
    65 | D        | Found a hazy altar of Hepliaklqana.
    65 | D        | Found an opulent altar of Gozag.
    66 | D        | Found a glowing golden altar of the Shining One.
    66 | D        | Found a glowing silver altar of Zin.
    66 | D        | Found a basalt altar of Yredelemnul.
    66 | D        | Found a shimmering altar of Xom.
    66 | D        | Found an ornate altar of the Wu Jian Council.
    66 | D        | Found a sacrificial altar of Ru.
    66 | D        | Found a stormy altar of Qazlal.
    66 | D        | Found an iron altar of Okawaru.
    66 | D        | Found a sparkling altar of Nemelex Xobeh.
    66 | D        | Found a burning altar of Makhleb.
    66 | D        | Found a blossoming altar of Fedhas.
    66 | D        | Found a white marble altar of Elyvilon.
    66 | D        | Found a shadowy altar of Dithmenos.
    66 | D        | Found a snail-covered altar of Cheibriados.
    68 | D        | Found a corrupted altar of Lugonu.
    68 | D        | Found a radiant altar of Vehumet.
    69 | D        | Found an ancient bone altar of Kikubaaqudgha.
    69 | D        | Found a hide-covered altar of Uskayaw.
    69 | D        | Found a broken altar of Ashenzari.
    74 | D        | Became a worshipper of Sif Muna the Loreminder
    86 | D        | Noticed a scorpion
    92 | D        | Killed a scorpion
    93 | D        | Reached skill level 6 in Fire Magic
    93 | D        | Reached XP level 2. HP: 12/17 MP: 1/6
    93 | D        | Reached XP level 3. HP: 15/21 MP: 1/8
    93 | D        | Reached XP level 4. HP: 20/27 MP: 1/9
   326 | D        | Learned a level 3 spell: Conjure Flame
   330 | D        | Learned a level 3 spell: Inner Flame
   333 | D        | Learned a level 2 spell: Scorch
   340 | D        | Reached * piety under Sif Muna
   349 | D        | Noticed a necrophage
   375 | D        | Killed a necrophage
   375 | D        | Reached ** piety under Sif Muna
   376 | D        | Reached skill level 1 in Short Blades
   376 | D        | Reached skill level 5 in Stealth
   376 | D        | Reached skill level 7 in Fire Magic
   376 | D        | Reached XP level 5. HP: 15/31 MP: 0/11
   698 | D        | Learned a level 4 spell: Flame Wave
   698 | D        | Noticed a sky beast
   727 | D        | Killed a sky beast
   728 | D        | Reached skill level 5 in Spellcasting
   728 | D        | Reached skill level 8 in Fire Magic
   728 | D        | Reached XP level 6. HP: 7/37 MP: 4/13
   760 | D        | Reached *** piety under Sif Muna
  1016 | D        | Noticed a fire bat
  1019 | D        | Killed a fire bat
  1020 | D        | Reached skill level 1 in Hexes
  1020 | D        | Reached skill level 9 in Fire Magic
  1025 | D        | Reached **** piety under Sif Muna
  1026 | D        | Reached skill level 1 in Fighting
  1288 | D        | Reached XP level 7. HP: 43/43 MP: 16/16
  1289 | D        | Noticed a guardian mummy
  1314 | D        | Killed a guardian mummy
  1314 | D        | Reached ***** piety under Sif Muna
  1371 | D        | Noticed a wyvern
  1371 | D        | Noticed a redback
  1381 | D        | Killed a redback
  1382 | D        | Reached skill level 10 in Fire Magic
  1387 | D        | Killed a wyvern
  1387 | D        | Received a gift from Sif Muna
  1388 | D        | Reached skill level 5 in Dodging
  1388 | D        | Reached XP level 8. HP: 50/50 MP: 0/19
  1388 | D        | Got Sif Muna's Papyrus of Combat Magic {god gift}
  1512 | D        | Learned a level 4 spell: Iskenderun's Mystic Blast
  1516 | D        | Learned a level 3 spell: Stone Arrow
  1600 | D        | Reached skill level 10 in Stealth
  1810 | D        | Noticed a jumping spider
  1813 | D        | Reached skill level 11 in Fire Magic
  1817 | D        | Killed a jumping spider
  1970 | D        | Learned a level 5 spell: Iskenderun's Battlesphere
  1981 | D        | Noticed a ynoxinul
  1982 | D        | Noticed a manticore
  1995 | D        | Killed a ynoxinul
  1996 | D        | Reached XP level 9. HP: 54/54 MP: 8/22
  1999 | D        | Killed a manticore
  2000 | D        | Reached skill level 10 in Spellcasting
  2000 | D        | Reached skill level 5 in Conjurations
  2115 | D        | Noticed an ogre mage
  2115 | D        | Noticed a two-headed ogre
  2115 | D        | Noticed a two-headed ogre
  2115 | D        | Noticed a two-headed ogre
  2115 | D        | Noticed Maurice
  2115 | D        | Noticed a two-headed ogre
  2124 | D        | Killed a two-headed ogre
  2125 | D        | Reached skill level 12 in Fire Magic
  2125 | D        | Reached skill level 1 in Earth Magic
  2128 | D        | Killed a two-headed ogre
  2128 | D        | Received a gift from Sif Muna
  2129 | D        | Killed a two-headed ogre
  2130 | D        | Reached XP level 10. HP: 36/61 MP: 5/25
  2132 | D        | Killed an ogre mage
  2133 | D        | Reached skill level 5 in Translocations
  2133 | D        | Reached skill level 13 in Fire Magic
  2135 | D        | Killed Maurice
  2143 | D        | Got Sif Muna's Sophisticated Rites and Rhymes {god gift}
  2262 | D        | Learned a level 4 spell: Hailstorm
  2267 | D        | Learned a level 4 spell: Airstrike
  2268 | D        | Gained mutation: Your mind is acute. (Int +2) [potion of
                  | mutation]
  2279 | D        | Killed a two-headed ogre
  2280 | D        | Reached skill level 1 in Ice Magic
  2280 | D        | Reached skill level 1 in Air Magic
  2343 | D        | Received a gift from Sif Muna
  2346 | D        | Reached XP level 11. HP: 50/67 MP: 10/27
  2348 | D        | Got Sif Muna's Grimoire of the Enthralling Voyage {god
                  | gift}
  2493 | D        | Noticed a two-headed ogre
  2504 | D        | HP: 1/67 [demonic crawler (9)]
  2504 | D        | Mangled by a demonic crawler

Illustrated notes

Levels and vault maps discovered:
D:        pitsprint [storerooms_1, entrance_room_1, metal_vault_6, armoury_1,
          mini_pit_1, grid_room_1, main_hall_1, silver_pit, the_coven_3,
          the_vestibule_1, steel_vault_2, golden_pit, hallway_of_sentries,
          crystal_vault_1, iron_vault_1, final_vault]

Skill      XL: |  1  2  3  4  5  6  7  8  9 10 11 |
---------------+----------------------------------+-----
Dodging        | 3 4 5 6 |  6.4
Stealth        | 4 5 6 8 9 10 | 10.1
Spellcasting   | 3 4 5 6 7 9 11 12 | 12.8
Fire Magic     | 6 7 8 9 10 11 12 13 | 13.8
Short Blades   | 1 2 3 4 |  4.9
Conjurations   | 2 3 4 6 8 |  8.5
Invocations    | 2 4 6 7 |  7.0
Hexes          | 1 2 3 |  3.8
Fighting       | 1 2 3 |  3.1
Translocations | 4 6 |  6.5
Earth Magic    | 1 |  1.8
Ice Magic      | 2 3 |  3.2
Air Magic      | 2 3 |  3.1

Action                   |  1- 3 |  4- 6 |  7- 9 | 10-12 || total
-------------------------+-------+-------+-------+-------++-------
Melee: Dagger            |     3 |    14 |       |       ||    17
       Constrict         |     1 |     2 |     3 |       ||     6
       Tentacles         |     1 |     1 |     2 |       ||     4
       Rapier            |       |       |     9 |       ||     9
       Punch             |       |       |     1 |       ||     1
 Cast: Foxfire           |     3 |    18 |    14 |    47 ||    82
       Inner Flame       |       |     2 |     5 |     6 ||    13
       Scorch            |       |     1 |    24 |     3 ||    28
       Flame Wave        |       |     1 |       |     1 ||     2
       Conjure Flame     |       |       |     2 |       ||     2
       Stone Arrow       |       |       |     2 |       ||     2
       Iskenderun's Batt |       |       |     1 |     1 ||     2
       Iskenderun's Myst |       |       |       |     4 ||     4
Invok: Channel Magic     |       |       |       |     2 ||     2
Evoke: Wand              |       |       |       |     1 ||     1
  Use: Potion            |     1 |     1 |       |     3 ||     5
       Scroll            |       |       |     2 |       ||     2
 Stab: Sleeping          |       |     5 |       |       ||     5
Armor: Skin              |       |     2 |       |     1 ||     3
Dodge: Dodged            |     2 |    14 |     9 |    11 ||    36

Table legend: (Time is in decaauts)
 A = Elapsed time spent in this place.
 B = Non-inter-level travel time spent in this place.
 C = Inter-level travel time spent in this place.
 D = Time resting spent in this place.
 E = Time spent auto-exploring this place.
 F = Levels seen in this place.
 G = Mean time per level.
                   A        B        C        D        E       F      G
               +--------+--------+--------+--------+--------+-----+--------+
         Total |   2519 |   2519 |      0 |   1656 |     52 |   1 | 2519.0 |
       Dungeon |   2519 |   2519 |      0 |   1656 |     52 |   1 | 2519.0 |
               +--------+--------+--------+--------+--------+-----+--------+

Top non-repeatable levels by time:
       D: 2519 daAuts
